 Dungeon Crawl Stone Soup version 0.30-b1-2-g02819fbbbe (webtiles) character file.

Game seed: 2760796073371051199

343693 Mesmaeker13 the Warrior (level 21, -3/183 HPs)
             Began as a Barachi Hunter on July 29, 2023.
             Was the Champion of Okawaru.
             Slain by a spriggan defender
             ... wielding a +2 quick blade of protection
             ... led by the Enchantress
              (5 damage)
             ... on level 2 of the Depths.
             The game lasted 02:23:27 (47814 turns).

Mesmaeker13 the Warrior (Barachi Hunter)           Turns: 47814, Time: 02:23:27

Health: -3/183     AC: 20    Str: 12    XL:     21   Next: 65%
Magic:  33/33      EV: 25    Int: 13    God:    Okawaru [******]
Gold:   2900       SH:  5    Dex: 36    Spells: 27/36 levels left

rFire   + . .        S - +9 triple crossbow (freeze)
rCold   + . .        (shield currently unavailable)
rNeg    . . .        m - +0 swamp dragon scales
rPois   +            l - +2 helmet {SInv}
rElec   .            q - +1 cloak of the Skies Above {rC+ rCorr}
rCorr   +            P - +0 pair of fencer's gloves {Riposte Dex+3}
SInv    +            y - +0 pair of boots {Stlth+}
Will    ++...        B - amulet of reflection
Stlth   +++          o - ring of Ucseps {rF+ Will+ Dex+3}
HPRegen 0.50/turn    E - +6 ring of dexterity
MPRegen 0.23/turn

%: reflection
@: slowed, studying Fire Magic, very slow
A: amphibious, slowness 1, strong legs 2, +LOS
}: 3/15 runes: decaying, serpentine, abyssal
a: Hop, Renounce Religion, Heroism, Finesse, Duel


You were on level 2 of the Depths.
You worshipped Okawaru.
Okawaru was exalted by your worship.
You visited 8 branches of the dungeon, and saw 36 of its levels.
You visited the Abyss 1 time.
You visited 1 bazaar.

You collected 4110 gold pieces.
You spent 1210 gold pieces at shops.

Inventory:

Hand Weapons
 a - a +6 scimitar of holy wrath
 t - a +0 heavy triple crossbow
 K - a +4 scimitar of flaming
 S - a +9 triple crossbow of freezing (weapon)
 Y - a +2 heavy triple sword
Missiles
 e - 4 throwing nets
 M - 5 curare-tipped darts
Armour
 c - +0 ice dragon scales
 i - the +0 pair of boots of Duaczoul {rElec}
   (Okawaru gifted it to you on level 1 of the Depths)

   rElec:     It insulates you from electricity.
 l - a +2 helmet of see invisible (worn)
 m - +0 swamp dragon scales (worn)
 p - a +1 pair of boots of flying
 q - the +1 cloak of the Skies Above (worn) {rC+ rCorr}
   (Okawaru gifted it to you on level 4 of the Swamp)

   rC:        It protects you from cold.
   rCorr:     It protects you from acid and corrosion.
 y - a +0 pair of boots of stealth (worn)
 P - the +0 pair of fencer's gloves (worn) {Riposte Dex+3}
   (You found it on level 3 of the Elven Halls)

   Riposte:   It allows the wearer to riposte with melee weapons, swiftly
   retaliating against missed or blocked melee attacks.
   Dex:       It affects your dexterity (+3).
 W - a +2 kite shield of fire resistance
Jewellery
 k - a +5 ring of evasion
 n - the ring of Xom's Full Attention {Fly rElec Str+2 SInv}
   (You took it off a deep elf annihilator on level 3 of the Elven Halls)

   [ring of flight]

   Str:       It affects your strength (+2).
   rElec:     It insulates you from electricity.
   SInv:      It lets you see invisible.
   Fly:       It grants you flight.
 o - the ring of Ucseps (left hand) {rF+ Will+ Dex+3}
   (You found it on level 3 of the Lair of Beasts)

   [ring of protection from fire]

   Dex:       It affects your dexterity (+3).
   rF:        It protects you from fire.
   Will:      It increases your willpower.
 v - a ring of protection from cold
 x - a ring of resist corrosion
 B - an amulet of reflection (around neck)
 D - a ring of ice
 E - a +6 ring of dexterity (right hand)
 F - an amulet of regeneration
 G - the ring "Zatzac" {rF+ rC+ MP+9}
   (You took it off a deep elf annihilator on level 3 of the Elven Halls)

   [ring of protection from cold]

   rF:        It protects you from fire.
   rC:        It protects you from cold.
   MP:        It affects your magic capacity (+9).
 L - a +6 ring of intelligence
Wands
 O - a wand of flame (15)
 Q - a wand of acid (3)
 T - a wand of mindburst (5)
 U - a wand of iceblast (19)
 X - a wand of digging (3)
Scrolls
 b - 13 scrolls of identify
 g - 11 scrolls of teleportation
 j - 2 scrolls of fog
 s - 12 scrolls of blinking
 u - 9 scrolls of poison
 w - a scroll of torment
 C - a scroll of fear
 N - 3 scrolls of magic mapping
Potions
 d - 6 potions of ambrosia
 h - 4 potions of curing
 r - 6 potions of might
 z - 3 potions of berserk rage
 A - 2 potions of resistance
 I - 3 potions of flight
 J - 3 potions of lignification
 R - 3 potions of brilliance
 Z - a potion of haste


   Skills:
 - Level 20.0 Fighting
 - Level 10.0 Long Blades
 + Level 19.7 Ranged Weapons
 - Level 13.0 Armour
 - Level 12.7 Dodging
 - Level 0.8 Stealth
 - Level 8.0 Spellcasting
 + Level 5.5 Necromancy
 - Level 12.2 Translocations
 + Level 6.1 Earth Magic
 - Level 13.6 Invocations
 - Level 11.5 Evocations


You had 27 spell levels left.
You knew the following spells:

 Your Spells              Type           Power      Damage    Failure   Level
a - Blink                 Tloc           74%        N/A       1%          2
b - Momentum Strike       Conj/Tloc      42%        3d9       3%          2
c - Borgnjor's Vile Clut  Necr/Erth      10%        N/A       52%         5

Your spell library contained the following spells:

 Spells                   Type           Power      Damage    Failure   Level
 Lesser Beckoning         Tloc           74%        N/A       1%          2
 Gell's Gravitas          Tloc           37%        N/A       1%          3
 Teleport Other           Tloc           37%        N/A       1%          3
 Sublimation of Blood     Necr           19%        N/A       3%          2
 Vhi's Electric Charge    Tloc/Air       42%        N/A       6%          3
 Volatile Blastmotes      Fire/Tloc      42%        2d13      6%          3
 Passwall                 Tmut/Erth      10%        N/A       11%         2
 Cigotuvi's Dreadful Rot  Necr/Pois/Air  20%        N/A       17%         2
 Stone Arrow              Conj/Erth      26%        3d8       21%         3
 Beastly Appendage        Tmut           10%        N/A       24%         1
 Magic Dart               Conj           20%        1d4       24%         1
 Sting                    Tmut/Pois      20%        1d4       24%         1
 Dispersal                Tloc           18%        N/A       24%         6
 Dispel Undead            Necr           19%        3d11      26%         4
 Ensorcelled Hibernation  Hex/Ice        10%        N/A       36%         2
 Poisonous Vapours        Pois/Air       10%        N/A       36%         2
 Static Discharge         Conj/Air       10%        2-3/arc   36%         2
 Petrify                  Tmut/Erth      13%        N/A       56%         4
 Ignite Poison            Fire/Tmut/Pois 5%         N/A       58%         3
 Mephitic Cloud           Conj/Pois/Air  5%         N/A       58%         3
 Ozocubu's Armour         Ice            5%         N/A       58%         3
 Spider Form              Tmut/Pois      5%         N/A       58%         3
 Swiftness                Air            5%         N/A       58%         3
 Anguish                  Hex/Necr       6%         N/A       61%         4
 Airstrike                Air            2%         2d(1-17)  94%         4
 Flame Wave               Conj/Fire      5%         2d5       94%         4
 Olgreb's Toxic Radiance  Pois           5%         N/A       94%         4
 Sticky Flame             Conj/Fire      5%         2d3       94%         4
 Arcjolt                  Conj/Air       2%         1d12      100%        5
 Blade Hands              Tmut           2%         N/A       100%        5
 Irradiate                Conj/Tmut      2%         3d12      100%        5
 Metabolic Englaciation   Hex/Ice        2%         N/A       100%        5
 Eringya's Noxious Bog    Tmut/Pois      2%         N/A       100%        6
 Iron Shot                Conj/Erth      6%         9d2       100%        6
 Dragon Form              Tmut           2%         N/A       100%        7
 Discord                  Hex            2%         N/A       100%        8
 Ignition                 Fire           2%         3d3       100%        8
 Lehudib's Crystal Spear  Conj/Erth      6%         10d3      100%        8
 Maxwell's Capacitive Co  Air            2%         ∞         100%        8
 Chain Lightning          Conj/Air       2%         3d3       100%        9
 Fire Storm               Conj/Fire      2%         8d1       100%        9
 Shatter                  Erth           10%        3d12*     100%        9
 Animate Dead             Necr           Unusable   N/A       N/A         4
 Call Imp                 Summ           Unusable   N/A       N/A         2
 Summon Forest            Summ/Tloc      Unusable   N/A       N/A         5
 Animate Armour           Summ/Erth      Unusable   N/A       N/A         4
 Summon Lightning Spire   Summ/Air       Unusable   N/A       N/A         4
 Death Channel            Necr           Unusable   N/A       N/A         6
 Simulacrum               Ice/Necr       Unusable   N/A       N/A         6
 Haunt                    Necr/Summ      Unusable   N/A       N/A         7
 Summon Hydra             Summ           Unusable   N/A       N/A         7
 Infestation              Necr           Unusable   N/A       N/A         8

Dungeon Overview and Level Annotations

Branches:
Dungeon (15/15) Temple (1/1) D:4 Lair (5/5) D:11 Swamp (4/4) Lair:3 Snake (4/4) Lair:3 Slime (0/5) Lair:4 Orc (2/2) D:12 Elf (3/3) Orc:2 Vaults (0/5) D:13 D:14 Depths (2/4) D:15

Altars:
Ashenzari
Cheibriados
Dithmenos
Elyvilon
Fedhas
Gozag
Hepliaklqana
Kikubaaqudgha
Makhleb
Nemelex Xobeh
Okawaru
Qazlal
Ru
Sif Muna
Trog
Uskayaw
Vehumet
Wu Jian
Xom
Yredelemnul
Zin
The Shining One
Jiyva

Shops:
D:2 !   D:9 (   D:11 (   Orc:1 *   Orc:2 *!*?   Elf:1 *   Snake:1 *
Snake:3 =:   Snake:4 :   Depths:1 [

Portals:
Hell: Depths:1
Pandemonium: Depths:1 Depths:2

Annotations:
D:9 2 transporters, NimIero's ghost, novice AtBe
D:11 2 transporters, redmage's ghost, novice MeEE
D:12 3 runed translucent doors, skufidon's ghost, journeyman HOFi
Swamp:3 1 runed translucent door, swinepaste's ghost, journeyman DsMo
Snake:4 1 exclusion
Depths:2 exclusion: door, the Enchantress


Innate Abilities, Weirdness & Mutations

You are amphibious.
You cover ground slowly.
You can hop long distances.
You have an extended range of vision and can be seen from far away.


Message History

* * * LOW HITPOINT WARNING * * *
The spriggan air mage hits you.
* * * LOW HITPOINT WARNING * * *
The spriggan rider hits you from afar with a +0 spear!
* * * LOW HITPOINT WARNING * * *
The spriggan defender hits you but does no damage.
You bump into the metal wall.
You are no longer firmly anchored in space.
The spriggan defender hits you but does no damage.
The spriggan air mage hits you.
* * * LOW HITPOINT WARNING * * *
The spriggan rider hits you from afar with a +0 spear!
* * * LOW HITPOINT WARNING * * *
The spriggan defender hits you but does no damage.
The spriggan air mage waves its arms in wide circles.
The air twists around and strikes you.
The spriggan air mage attacks as you move away!
The spriggan air mage hits you but does no damage.
The spriggan defender misses you.
The spriggan defender closely misses you.
The spriggan air mage waves its arms in wide circles.
The air twists around and strikes you!
* * * LOW HITPOINT WARNING * * *
The spriggan defender closely misses you.
The spriggan air mage attacks as you move away!
The spriggan air mage misses you.
The spriggan air mage waves its arms in wide circles.
The air twists around and strikes you!
* * * LOW HITPOINT WARNING * * *
The spriggan defender hits you but does no damage.
Unknown command.
Press: ? - help, v - describe, . - travel
Here: the Enchantress, wielding a +3 flail of holy wrath, wearing the +1 faerie dragon scales {rC+ Will++ rCorr MP+9} and wearing a +2 buckler of positive energy (severely wounded, repelling missiles)
The floor.
You feel better.
The spriggan defender hits you with a +2 quick blade of protection!!
* * * LOW HITPOINT WARNING * * *
The Enchantress hits you but does no damage.
The spriggan defender hits you with a +2 quick blade of protection.
You die...

#..##.###.###.##..#
##.#...........#.##
##...##.###.##...#####
##.#.#.......#.#.#..i#
...#...##.##...#i.##)#
##.#.#.#...#.#.#.###.#
#...#...#...#.ii# #i#
##[#.#.#...#.#.#i###.#
#..#...##.##...#@i...#
##.#.#.......#.#.###)#
##...##.###.##...# #.#
.#.#...........#.# #.#
...##.###.###.##.. #)#
.#...............# #.#
.##.###)###.###.## #.#
.....>...#### ## #.#
......####


You could see the Enchantress (repels missiles), a spriggan defender, a spriggan
rider, a spriggan air mage (repels missiles) and a spriggan.

Vanquished Creatures
  An ancient lich (Abyss:3)
  Vv (Depths:2)
  Bai Suzhen (Depths:1)
  A golden dragon (Depths:2)
  4 liches
  2 deep elf blademasters
  Mlioglotl (Swamp:1)
  2 deep elf master archers (Elf:3)
  A walking crystal tome (Depths:2)
  Gastronok (D:10)
  A sphinx (Depths:2)
  3 tengu reavers
  3 nagarajas
  Donald (Orc:2)
  5 deep elf sorcerers (Elf:3)
  2 fire giants (Depths:2)
  A frost giant (Depths:2)
  Aizul (Snake:1)
  Louise (Swamp:4)
  3 ghouls (Swamp:1)
  5 deep elf elementalists (Elf:3)
  18 very ugly things
  2 spriggan defenders (Depths:2)
  5 stone giants
  Nessos (D:14)
  A vampire knight (Depths:1)
  4 deep elf demonologists
  3 eleionomae
  5 bunyips
  5 deep elf annihilators (Elf:3)
  6 deep elf death magi
  6 ettins
  Snorg (Lair:3)
  2 deep elf high priests (Elf:3)
  2 green deaths (Swamp:4)
  3 fire dragons
  19 hydras
  2 great orbs of eyes
  6 ice dragons
  Harold (D:11)
  4 centaur warriors
  4 rakshasas
  4 salamander tyrants
  4 catoblepae
  2 hell beasts (Swamp:4)
  14 alligators
  6 death yaks (Lair:5)
  8 anacondas
  4 ghost crabs
  3 two-headed ogres
  4 boulder beetles
  26 dancing weapons
  3 deep troll shamans
  19 naga warriors
  2 deep troll earth magi
  2 spriggan berserkers (Depths:2)
  4 orc high priests
  A titan zombie (Depths:1)
  13 naga sharpshooters
  5 thrashing horrors
  Urug (D:14)
  4 shock serpents
  6 hell knights (Depths:1)
  6 spriggans
  Sonja (Lair:2)
  4 tengu warriors
  2 iron trolls (Depths:2)
  A skyshark (Lair:5)
  2 soul eaters (D:14)
  2 sun demons (D:14)
  17 deep elf knights
  A sea snake (Snake:3)
  5 goliath frogs
  9 skeletal warriors
  A sixfirhy (D:15)
  A golden dragon zombie (Depths:1)
  7 salamander mystics
  A glowing orange brain (Depths:1)
  A spriggan druid (Swamp:4)
  6 swamp dragons
  2 phantasmal warriors (Depths:1)
  12 deep elf archers
  4 deep trolls
  12 bog bodies
  6 naga ritualists
  Pikel (D:4)
  2 large abominations
  A wizard (Depths:1)
  A harpy (shapeshifter) (D:15)
  30 deep elf pyromancers
  An orange crystal statue (D:15)
  29 deep elf zephyrmancers
  3 necromancers (Depths:1)
  4 orc knights (Orc:2)
  8 mana vipers
  37 ugly things
  4 orc sorcerers (Orc:2)
  A stone giant zombie (Depths:1)
  A mana viper (shapeshifter) (Elf:1)
  A tengu skeleton (Depths:1)
  A frost giant zombie (Depths:1)
  3 cyclopes
  2 will-o-the-wisps (Swamp:4)
  5 manticores
  19 salamanders
  An elephant (shapeshifter) (Depths:2)
  A rust devil (D:14)
  35 black mambas
  34 naga magi
  2 smoke demons (D:14)
  Joseph (Lair:1)
  2 guardian serpents
  Maurice (D:8)
  8 spectral spriggans (Swamp:1)
  A molten gargoyle (Depths:2)
  An orange demon (D:14)
  5 gargoyles
  A fire giant skeleton (Depths:1)
  9 cane toads
  A water nymph (shapeshifter) (D:15)
  5 rime drakes
  An unseen horror (D:11)
  Maggie (Lair:1)
  3 tengu conjurers (Depths:2)
  A yaktaur (D:15)
  2 efreet
  Psyche (D:8)
  4 freezing wraiths
  10 komodo dragons
  A yaktaur (shapeshifter) (D:15)
  9 trolls
  A red devil (D:14)
  2 bloated husks
  A merfolk (shapeshifter) (Abyss:3)
  2 hellwings
  3 meliai (D:13)
  Grinder (D:4)
  3 hornets
  Prince Ribbit (D:8)
  9 tyrant leeches
  17 blink frogs
  A frost giant simulacrum (Depths:1)
  13 dream sheep
  A small abomination (Abyss:3)
  13 slime creatures
  5 shadows (Swamp:4)
  5 water elementals
  A vampire (D:11)
  A ynoxinul (D:14)
  5 wraiths
  A yak (shapeshifter) (D:14)
  6 air elementals
  38 yaks
  2 fire elementals (Elf:1)
  4 fire bats (Abyss:3)
  A steam dragon (Lair:2)
  18 vampire mosquitoes
  2 wyverns (Lair:5)
  16 humans (D:14)
  2 basilisks
  3 neqoxecs
  8 chaos spawn
  47 nagas
  2 wargs (Orc:2)
  18 swamp worms
  10 water moccasins
  3 acid dragons
  A glowing shapeshifter zombie (Depths:1)
  5 swamp drakes
  A floating eye (Depths:2)
  19 orc warriors
  5 black bears
  3 sky beasts
  An ice beast (D:6)
  9 ogres
  7 wolves
  3 lemures
  3 centaurs
  3 kobold brigands
  Blork the orc (D:6)
  11 bullfrogs
  2 gnoll sergeants
  3 scorpions
  3 earth elementals
  10 wights
  35 killer bees
  4 electric eels
  A howler monkey (D:9)
  11 jellies
  3 hounds
  19 orc priests
  Terence (D:2)
  A sleepcap (D:8)
  6 iguanas
  18 orc wizards
  15 gnolls
  12 adders
  4 white imps
  6 ufetubi
  4 dart slugs
  56 orcs
  10 ball pythons
  7 bats
  8 endoplasms
  4 giant cockroaches
  13 goblins
  11 hobgoblins
  4 jackals
  4 quokkas
  3 frilled lizards
  21 kobolds
  3 rats
1314 creatures vanquished.

Vanquished Creatures (collateral kills)
  Grum (D:8)
  4 orcs
5 creatures vanquished.

Vanquished Creatures (others)
  2 bloated husks (Swamp:1)
  2 yaks (D:9)
  2 vampire mosquitoes (D:11)
  2 wolves (D:8)
  A bush (Lair:5)
  2 demonic plants (D:14)
  8 foxfires (Swamp:4)
  55 fungi
  59 plants
133 creatures vanquished.

Grand Total: 1452 creatures vanquished

Notes
Turn   | Place    | Note
-------+----------+-------------------------------------------
     0 | D:1      | Mesmaeker13 the Barachi Hunter began the quest for the Orb.
     0 | D:1      | Reached XP level 1. HP: 17/17 MP: 1/1
   162 | D:1      | Reached XP level 2. HP: 23/23 MP: 2/2
   340 | D:1      | Reached skill level 3 in Fighting
   521 | D:1      | Reached XP level 3. HP: 29/29 MP: 3/3
   868 | D:2      | Found a white marble altar of Elyvilon.
   896 | D:2      | Found Ofas's Distillery.
   988 | D:2      | Noticed Terence
  1002 | D:2      | Reached XP level 4. HP: 35/35 MP: 4/4
  1006 | D:2      | Killed Terence
  1217 | D:2      | Reached skill level 4 in Fighting
  1237 | D:2      | Reached XP level 5. HP: 42/42 MP: 5/5
  1605 | D:3      | Found a glowing golden altar of the Shining One.
  1799 | D:3      | Reached skill level 5 in Ranged Weapons
  1899 | D:3      | Reached XP level 6. HP: 49/49 MP: 6/6
  2337 | D:4      | Found a burning altar of Makhleb.
  2354 | D:4      | Reached skill level 5 in Fighting
  2540 | D:4      | Noticed Pikel
  2574 | D:5      | Entered Level 5 of the Dungeon
  2709 | D:5      | Found a sacrificial altar of Ru.
  2724 | D:5      | Found an ancient bone altar of Kikubaaqudgha.
  2738 | D:5      | Found a shadowy altar of Dithmenos.
  2864 | D:5      | Reached XP level 7. HP: 40/56 MP: 7/7
  3001 | D:5      | Reached skill level 5 in Dodging
  3224 | D:5      | Reached skill level 6 in Fighting
  3416 | D:5      | Found a hide-covered altar of Uskayaw.
  3612 | D:4      | Noticed Grinder
  3628 | D:4      | Paralysed by Grinder for 2 turns
  3632 | D:4      | Killed Grinder
  3633 | D:4      | Reached XP level 8. HP: 49/65 MP: 8/8
  3766 | D:4      | Found a staircase to the Ecumenical Temple.
  3773 | Temple   | Entered the Ecumenical Temple
  4257 | D:4      | Reached skill level 7 in Fighting
  4257 | D:4      | Reached skill level 1 in Armour
  4316 | D:4      | Killed Pikel
  4755 | D:6      | Found a basalt altar of Yredelemnul.
  4769 | D:6      | Reached skill level 8 in Fighting
  4791 | D:6      | Reached XP level 9. HP: 65/74 MP: 9/9
  4826 | D:6      | Found a broken altar of Ashenzari.
  5445 | D:6      | Reached skill level 5 in Armour
  5586 | D:6      | Found a bloodstained altar of Trog.
  5632 | D:6      | Found a shimmering blue altar of Sif Muna.
  5641 | D:6      | Got Sif Muna's Compilation of Configuration
  5838 | D:6      | Reached skill level 9 in Fighting
  5861 | D:6      | Noticed Blork the orc
  5866 | D:6      | Killed Blork the orc
  5876 | D:6      | Found a snail-covered altar of Cheibriados.
  5903 | D:6      | Found a stormy altar of Qazlal.
  6459 | D:6      | Found a sparkling altar of Nemelex Xobeh.
  7320 | D:7      | Reached XP level 10. HP: 79/85 MP: 10/10
  7398 | D:7      | Reached skill level 10 in Fighting
  7470 | D:7      | Found a hazy altar of Hepliaklqana.
  7783 | D:8      | Found a shimmering altar of Xom.
  7971 | D:8      | Noticed Grum
  7980 | D:8      | Killed Grum
  8218 | D:8      | Noticed Maurice
  8235 | D:8      | Killed Maurice
  8429 | D:8      | Noticed Prince Ribbit
  8438 | D:8      | Killed Prince Ribbit
  8525 | D:8      | Noticed Psyche
  8539 | D:8      | Killed Psyche
  9023 | D:9      | Found a white marble altar of Elyvilon.
  9087 | D:9      | Reached skill level 11 in Fighting
  9162 | D:9      | Reached skill level 1 in Evocations
  9164 | D:9      | Reached skill level 10 in Ranged Weapons
  9292 | D:9      | Found a blossoming altar of Fedhas.
  9375 | D:9      | Identified the +8 giant spiked club of Qeibrein {antimagic,
                  | *Slow +Blink Dex+3}
  9375 | D:9      | Identified the +8 giant club of Linearity {spect, rC+ MP+9}
  9375 | D:9      | Noticed a two-headed ogre
  9378 | D:9      | Noticed a two-headed ogre
  9378 | D:9      | Noticed a two-headed ogre
  9380 | D:9      | Found a transporter.
  9380 | D:9      | Noticed NimIero's ghost (novice AtBe)
  9380 | D:9      | Noticed a two-headed ogre
  9383 | D:9      | Noticed a two-headed ogre
  9389 | D:9      | Found a transporter.
  9395 | D:9      | Found Secuhyopn's Weapon Emporium.
  9404 | D:9      | Bought a +0 longbow for 71 gold pieces
  9639 | D:9      | Found a radiant altar of Vehumet.
  9652 | D:9      | Reached XP level 11. HP: 87/93 MP: 11/11
  9870 | D:10     | Entered Level 10 of the Dungeon
  9925 | D:10     | Reached skill level 1 in Long Blades
  9942 | D:10     | Identified the +1 demon trident of the Crawling Thing
                  | {freeze, rF+ Will- Dex+3}
 10011 | D:10     | Noticed Gastronok
 10054 | D:10     | Killed Gastronok
 10415 | D:10     | Found a glowing silver altar of Zin.
 10441 | D:10     | Found an opulent altar of Gozag.
 10584 | D:10     | Found an ornate altar of the Wu Jian Council.
 10593 | D:10     | Identified the +11 whip "Jaasmozi" {heavy, Str+3}
 10621 | D:10     | Found an iron altar of Okawaru.
 10855 | D:11     | Found a transporter.
 10872 | D:11     | Found a bloodstained altar of Trog.
 10881 | D:11     | Noticed a two-headed ogre
 10882 | D:11     | Noticed a tengu warrior
 10882 | D:11     | Noticed redmage's ghost (novice MeEE)
 10891 | D:11     | Noticed a two-headed ogre
 10892 | D:11     | Found a transporter.
 10903 | D:11     | Noticed a moth of wrath
 10936 | D:11     | Noticed Harold
 10986 | D:11     | Noticed a manticore
 11006 | D:11     | Reached skill level 12 in Fighting
 11006 | D:11     | Killed a manticore
 11007 | D:11     | Reached skill level 10 in Armour
 11082 | D:11     | You fall into a shaft and drop 3 floors!
 11228 | D:14     | Noticed a sun demon
 11241 | D:14     | Killed a sun demon
 11242 | D:14     | Reached skill level 5 in Evocations
 11272 | D:14     | Noticed a soul eater
 11284 | D:14     | Killed a soul eater
 11417 | D:14     | Reached XP level 12. HP: 79/103 MP: 12/12
 11437 | D:14     | Noticed a soul eater
 11508 | D:14     | Reached skill level 5 in Long Blades
 11509 | D:14     | Noticed a boulder beetle
 11532 | D:14     | Killed a boulder beetle
 11569 | D:14     | Noticed Urug
 11585 | D:14     | Killed Urug
 11694 | D:14     | Noticed a centaur warrior
 11700 | D:14     | Noticed a sun demon
 11837 | D:14     | Reached skill level 13 in Fighting
 11886 | D:14     | Killed a centaur warrior
 11913 | D:14     | Killed a sun demon
 11973 | D:14     | Found a gate to the Vaults.
 11973 | D:14     | Noticed Nessos
 11973 | D:14     | Noticed a two-headed ogre
 11992 | D:14     | Noticed a tengu warrior
 12115 | D:14     | Killed a two-headed ogre
 12151 | D:14     | Noticed a tengu warrior
 12320 | D:14     | Killed a tengu warrior
 12333 | D:14     | HP: 5/105 [tengu warrior/+0 quarterstaff (8)]
 12334 | D:14     | Killed a tengu warrior
 12501 | D:14     | Gained mutation: You can hop long distances. [Barachi
                  | growth]
 12501 | D:14     | Reached XP level 13. HP: 102/111 MP: 13/13
 12662 | D:13     | You fall into a shaft and drop 2 floors!
 12662 | D:15     | Entered Level 15 of the Dungeon
 13249 | D:11     | Found a staircase to the Lair.
 13318 | D:10     | Became a worshipper of Warmaster Okawaru
 13734 | D:11     | Found Lol Juargh's Antique Weapon Emporium.
 13760 | D:11     | Reached skill level 14 in Fighting
 13991 | Lair:1   | Entered Level 1 of the Lair of Beasts
 14057 | Lair:1   | Noticed Joseph
 14174 | Lair:1   | Killed Joseph
 14269 | Lair:1   | Reached * piety under Okawaru
 14331 | Lair:1   | Reached skill level 1 in Invocations
 14844 | Lair:1   | Noticed Maggie
 14863 | Lair:1   | Killed Maggie
 14863 | Lair:1   | Reached ** piety under Okawaru
 16304 | Lair:2   | Noticed Sonja
 16307 | Lair:2   | Killed Sonja
 16643 | Lair:3   | Found a staircase to the Swamp.
 16750 | Lair:3   | Found a staircase to the Snake Pit.
 16900 | Lair:3   | Noticed Snorg
 16913 | Lair:3   | Killed Snorg
 16913 | Lair:3   | Reached *** piety under Okawaru
 16914 | Lair:3   | Reached XP level 14. HP: 103/121 MP: 16/16
 17141 | Lair:3   | Identified the ring of Ucseps {rF+ Will+ Dex+3}
 17594 | Lair:4   | Found a staircase to the Slime Pits.
 17625 | Lair:4   | Reached **** piety under Okawaru
 17802 | Lair:4   | Reached skill level 15 in Fighting
 17802 | Lair:4   | Reached skill level 10 in Long Blades
 18203 | Lair:5   | Entered Level 5 of the Lair of Beasts
 18470 | Lair:5   | Received a gift from Okawaru
 18671 | Lair:5   | Learned a level 2 spell: Blink
 18781 | Lair:5   | Reached skill level 1 in Translocations
 18901 | Lair:5   | Reached ***** piety under Okawaru
 19570 | Lair:5   | Reached skill level 5 in Invocations
 20030 | D:11     | Killed Harold
 20360 | D:12     | Reached XP level 15. HP: 129/129 MP: 18/18
 20438 | D:12     | Found a staircase to the Orcish Mines.
 20759 | D:12     | Received a gift from Okawaru
 20869 | D:12     | Found a runed translucent gate.
 20869 | D:12     | Found a runed translucent gate.
 20869 | D:12     | Found a runed translucent gate.
 20870 | D:12     | Noticed an azure jelly
 20870 | D:12     | Noticed an acid blob
 20870 | D:12     | Noticed an azure jelly
 20871 | D:12     | Noticed an azure jelly
 20874 | D:12     | Noticed a rockslime
 20874 | D:12     | Noticed skufidon's ghost (journeyman HOFi)
 21041 | D:12     | Noticed an acid blob
 21042 | D:12     | Noticed an azure jelly
 21045 | D:12     | Found a viscous altar of Jiyva.
 21081 | D:13     | Found a glowing golden altar of the Shining One.
 22262 | D:13     | Reached skill level 5 in Translocations
 22290 | D:14     | Reached skill level 16 in Fighting
 22462 | D:14     | Killed Nessos
 22841 | D:15     | Reached skill level 10 in Evocations
 22936 | D:15     | Reached skill level 10 in Dodging
 23713 | D:15     | Found a staircase to the Depths.
 24091 | Orc:1    | Entered Level 1 of the Orcish Mines
 24122 | Orc:1    | Found Deyne's Desiderata Depot.
 24511 | Orc:2    | Entered Level 2 of the Orcish Mines
 24517 | Orc:2    | Noticed Donald
 24539 | Orc:2    | Killed Donald
 24696 | Orc:2    | Reached XP level 16. HP: 139/139 MP: 21/21
 25030 | Orc:2    | Received a gift from Okawaru
 25287 | Orc:2    | Found a staircase to the Elven Halls.
 25509 | Orc:2    | Found Qoadecs's Assorted Antiques.
 25509 | Orc:2    | Found Heteaple's Magic Scroll Shop.
 25511 | Orc:2    | Found Benuimaax's Distillery.
 25511 | Orc:2    | Found Congaeg's Assorted Antiques.
 25528 | Orc:2    | Bought a shiny helmet for 195 gold pieces
 25545 | Orc:2    | Bought a scroll of magic mapping for 225 gold pieces
 25547 | Orc:2    | Bought a scroll of enchant weapon for 120 gold pieces
 25909 | Swamp:1  | Entered Level 1 of the Swamp
 26025 | Snake:1  | Entered Level 1 of the Snake Pit
 26106 | Lair:3   | Received a gift from Okawaru
 26454 | Snake:1  | Found Fykhleippay's General Store.
 26519 | Snake:1  | Bought a scroll of enchant weapon for 120 gold pieces
 27049 | Snake:1  | Received a gift from Okawaru
 27054 | Snake:1  | Reached skill level 17 in Fighting
 27526 | Snake:1  | Noticed Aizul
 27534 | Snake:1  | Killed Aizul
 28026 | Snake:2  | Reached skill level 15 in Ranged Weapons
 28123 | Snake:2  | Received a gift from Okawaru
 28668 | Snake:2  | Reached XP level 17. HP: 147/147 MP: 23/23
 29434 | Snake:3  | Reached ****** piety under Okawaru
 29566 | Snake:3  | Found Raequgink's Book Shoppe.
 29566 | Snake:3  | Noticed a walking crystal tome
 29568 | Snake:3  | Noticed a walking crystal tome
 29693 | Snake:3  | Found Ximanad's Jewellery Emporium.
 29923 | Snake:4  | Entered Level 4 of the Snake Pit
 29964 | Snake:4  | Received a gift from Okawaru
 30978 | Snake:4  | Reached skill level 18 in Fighting
 31125 | Snake:4  | Received a gift from Okawaru
 31285 | Snake:4  | Found Kirphoj's Book Boutique.
 31653 | Snake:4  | Reached XP level 18. HP: 157/157 MP: 25/25
 31710 | Snake:4  | Got a serpentine rune of Zot
 32328 | Swamp:1  | Reached skill level 10 in Translocations
 32648 | Swamp:1  | Noticed Mlioglotl
 32653 | Swamp:1  | Killed Mlioglotl
 33376 | Swamp:1  | Reached skill level 10 in Invocations
 33852 | Swamp:1  | Received a gift from Okawaru
 34972 | Swamp:3  | Reached skill level 19 in Fighting
 34973 | Swamp:3  | Identified the +3 quarterstaff of Discretion {freeze, MP-9
                  | Str+5 Dex+5} (Okawaru gifted it to you on level 3 of the
                  | Swamp)
 34973 | Swamp:3  | Received a gift from Okawaru
 35108 | Swamp:3  | Found a runed translucent door.
 35108 | Swamp:3  | Found a shimmering altar of Xom.
 35108 | Swamp:3  | Noticed swinepaste's ghost (journeyman DsMo)
 35345 | Swamp:4  | Entered Level 4 of the Swamp
 35725 | Swamp:4  | Noticed Louise
 35740 | Swamp:4  | Killed Louise
 35802 | Swamp:4  | Identified the +3 rapier of a volcano {speed, Will++}
 36172 | Swamp:4  | Reached XP level 19. HP: 167/167 MP: 27/27
 36200 | Swamp:4  | Identified the +1 cloak of the Skies Above {rC+ rCorr}
                  | (Okawaru gifted it to you on level 4 of the Swamp)
 36200 | Swamp:4  | Received a gift from Okawaru
 36759 | Swamp:4  | Got a decaying rune of Zot
 37785 | Elf:1    | Entered Level 1 of the Elven Halls
 37789 | Elf:1    | Learned a level 2 spell: Momentum Strike
 37793 | Elf:1    | Paralysed by an air elemental for 1 turns
 37848 | Elf:1    | Paralysed by an air elemental for 1 turns
 37886 | Elf:1    | Found Xasuttus's Assorted Antiques.
 37921 | Elf:1    | Paralysed by an air elemental for 1 turns
 38153 | Elf:1    | Bought a scroll labelled MIWKOJ TIYST for 36 gold pieces
 38155 | Elf:1    | Acquired the +8 arbalest of Bread {elec, Str+3}
 38284 | Elf:1    | Received a gift from Okawaru
 38392 | Elf:1    | Paralysed by an air elemental for 1 turns
 38682 | Elf:2    | Reached skill level 1 in Spellcasting
 38764 | Elf:2    | Reached skill level 20 in Fighting
 38797 | Elf:2    | Received a gift from Okawaru
 39210 | Elf:2    | Paralysed by an air elemental for 1 turns
 39367 | Elf:2    | Found a runed translucent gate.
 39367 | Elf:2    | Found a runed translucent gate.
 39367 | Elf:2    | Found a runed translucent gate.
 40431 | Elf:2    | Received a gift from Okawaru
 40432 | Elf:2    | Reached XP level 20. HP: 170/172 MP: 22/29
 40840 | Elf:3    | Entered Level 3 of the Elven Halls
 40960 | Elf:3    | Found a gateway to a bazaar.
 40985 | Bazaar   | Entered a bazaar
 40985 | Bazaar   | Found Qude Ats's Antique Weapon Emporium.
 40985 | Bazaar   | Found Jaigaph's Book Shoppe.
 40985 | Bazaar   | Found Metysch's Book Shoppe.
 40985 | Bazaar   | Found Xeffyzeo's Antique Armour Emporium.
 40985 | Bazaar   | Found Jaucymuo's Magic Scroll Shoppe.
 41003 | Bazaar   | Bought a scroll of blinking for 97 gold pieces
 41003 | Bazaar   | Bought a scroll of teleportation for 39 gold pieces
 41085 | Elf:3    | Reached skill level 5 in Spellcasting
 42375 | Elf:3    | Noticed a Tzitzimitl
 42628 | Elf:3    | Identified the ring "Zatzac" {rF+ rC+ MP+9}
 42775 | Elf:3    | Identified the +3 leather armour of Nehod {Harm rElec rC+
                  | Str+4}
 42775 | Elf:3    | Identified the ring of Xom's Full Attention {Fly rElec
                  | Str+2 SInv}
 43092 | Elf:3    | Identified the +3 glaive of the Holding Gods {heavy, +Blink
                  | rF- Will+ Int+5}
 43102 | Elf:3    | Identified the +2 dagger of the Snake Pit {flame, *Rage
                  | Int+5 Stlth+}
 43637 | Elf:3    | Found the +0 pair of fencer's gloves {Riposte Dex+3}
 43638 | Elf:3    | Identified the staff of air "Zoeb" {rElec rC+ Str+2 Dex+2}
 43651 | Elf:3    | Identified the staff of air "Irhiahogg" {Fragile rElec
                  | rCorr Str+4}
 43654 | Elf:3    | Got Elayskul's Precepts of Grey Anathema
 43661 | Elf:3    | Got the Opusculum on the Charnel House
 44081 | Depths:1 | Entered Level 1 of the Depths
 44087 | Depths:1 | Identified the +0 pair of boots of Duaczoul {rElec}
                  | (Okawaru gifted it to you on level 1 of the Depths)
 44087 | Depths:1 | Received a gift from Okawaru
 44095 | Abyss:3  | Cast into level 3 of the Abyss (a wizard)
 44249 | Abyss:3  | Noticed an ancient lich
 44252 | Abyss:3  | Killed an ancient lich
 44266 | Abyss:3  | Got an abyssal rune of Zot
 44269 | Depths:1 | Escaped the Abyss
 44759 | Depths:1 | Learned a level 5 spell: Borgnjor's Vile Clutch
 44944 | Depths:1 | Found a one-way gate leading to the halls of Pandemonium.
 44978 | Depths:1 | Reached skill level 1 in Earth Magic
 44980 | Depths:1 | Reached skill level 1 in Necromancy
 45204 | Depths:1 | Identified the +3 ring mail "Viluel" {Will- Int+7 Slay+4
                  | SInv} (Okawaru gifted it to you on level 1 of the Depths)
 45204 | Depths:1 | Received a gift from Okawaru
 45224 | Depths:1 | Noticed Bai Suzhen
 45246 | Depths:1 | Reached XP level 21. HP: 111/183 MP: 33/33
 45511 | Depths:1 | Found a gateway to Hell.
 45596 | Depths:1 | Got Zilocroe's Catalogue of Anthracomancy
 45639 | Depths:1 | Found Ulacwy's Antique Armour Emporium.
 45708 | Depths:1 | Bought a pair of embroidered boots for 307 gold pieces
 46215 | Depths:1 | Killed Bai Suzhen
 46733 | Depths:2 | Noticed a golden dragon
 46754 | Depths:2 | Reached skill level 5 in Earth Magic
 46758 | Depths:2 | Killed a golden dragon
 47242 | Depths:2 | Reached skill level 5 in Necromancy
 47285 | Depths:2 | Identified the scarf of Vanity {harm, rPois rF- SInv}
                  | (Okawaru gifted it to you on level 2 of the Depths)
 47285 | Depths:2 | Received a gift from Okawaru
 47419 | Depths:2 | Noticed Vv
 47432 | Depths:2 | Killed Vv
 47781 | Depths:2 | Noticed the Enchantress
 47814 | Depths:2 | HP: 2/183 [spriggan defender/+2 quick blade of
                  | protection[the Enchantress] (19)]
 47814 | Depths:2 | Slain by a spriggan defender

Illustrated notes

Levels and vault maps discovered:
D:1:      eino_arrival_water_cross, layout_loops_cross, kennysheep_nondescript,
          item_on_display_b
D:2:      layout_basic, serial_shops, shop, basic_altar, uniq_terence
D:3:      layout_basic, old_standard_altar, grunt_decor_arrowhead,
          minmay_goblin_outpost
D:4:      layout_cave_pods, mainiacjoe_overflow_six_doors_small,
          minmay_temple_entry_overgrown, uniq_grinder, uniq_pikel
D:5:      layout_basic, mainiacjoe_overflow_24_doors, kiku_gazebo_pond_becter,
          nicolae_ru_the_path_less_chosen, mainiacjoe_overflow_alcove_2,
          dreamdust_gnoll_farm
D:6:      layout_loops_ring, nzn_overflow_gifts_of_might_and_magic,
          nicolae_ashenzari_skybound, overflow_temple_1_default,
          nicolae_overflow_hidden_temple, mainiacjoe_overflow_alcove_4,
          nicolae_overflow_crystal_walls, minmay_joined_circles,
          uniq_blork_the_orc
D:7:      nicolae_cairo_tiling, layout_basic, mainiacjoe_overflow_cross_hatched
D:8:      layout_loops_ring, dk_xom_monty_hall, nrook_mini_vaults,
          minmay_misc_feat_iff, minmay_misc_feat_enclosed, nrook_campfire,
          minmay_bent, uniq_grum, uniq_psyche, uniq_prince_ribbit1, uniq_maurice
D:9:      layout_basic, mainiacjoe_overflow_surrounded_room,
          fedhas_altar_fruit_tree, elyvilon_altar_5, serial_shops,
          nicolae_shop_scrapyard, gammafunk_ghost_smash
D:10:     layout_basic, pdpol_temple_overflow_zin_treasury_gozag_greed,
          lemuel_tele_altar, okawaru_metal_pillars_3, serial_bayou_ford_a,
          nicolae_figureground_sparkle, uniq_gastronok
D:11:     layout_roguey, lair_entry_dummy, serial_shops, kennysheep_little_box,
          gammafunk_ghost_wrathful_warriors, uniq_harold
D:12:     layout_cross, hiddenorc2_lemuel, gammafunk_ghost_ooze,
          kennysheep_donut
D:13:     layout_small_grid, tso_metal_star
D:14:     layout_rooms, david_vaults_3, minmay_fountain_box, serial_demonic,
          serial_demonic_a, serial_demonic_d, serial_demonic_e, serial_demonic_a
D:15:     gammafunk_enter_depths_forms, layout_small_grid, nrook_mini_backslash,
          minivault_16, drop_trap, nicolae_benzene_ring, st_stairs_4
Temple:   ebering_the_none_and_only
Lair:1:   wad_woods_minihive, layout_cave_pods, infiniplex_staircase_pool_2,
          uniq_joseph, uniq_maggie
Lair:2:   layout_regular_city, grunt_megastairs_5, uniq_sonja
Lair:3:   layout_gridlike, minmay_swamp_entry_worms,
          minmay_snake_entry_guardpost_small, beast_lair_carwin_1,
          lemuel_fruit_tree, grunt_megastairs_4, uniq_snorg
Lair:4:   layout_roguey, nicolae_slime_entry_slimehenge,
          nicolae_quartered_pool_super
Lair:5:   evilmike_catoblepas_cave, layout_concentric_octagons
Swamp:1:  nicolae_swamp_flooded_prison, layout_basic_swamp,
          hangedman_swamp_ruin_wall, uniq_mlioglotl
Swamp:2:  layout_falls_marsh, evilmike_swamp_ruin_house_3, swamp_pool1,
          nicolae_swamp_bloodsuckers_inc
Swamp:3:  layout_basic_swamp, ebering_ghost_xom, infiniplex_staircase_pool
Swamp:4:  swamp_vile, layout_basic_swamp, swamp_pool5,
          nicolae_swamp_dense_foliage, uniq_louise
Snake:1:  layout_cave_pods, serial_shops, nicolae_shop_tiny_waterfront,
          nicolae_snake_guarding_the_ruins, uniq_aizul
Snake:2:  layout_basic, nicolae_snake_gridmaze_zigzag,
          nicolae_snake_gridmaze_tees, nicolae_fountain_basement
Snake:3:  layout_cave_shapes, serial_shops, nicolae_shop_back_alley_shop,
          nicolae_shop_mannequins, nicolae_triple_integral, serial_bayou_shore_a
Snake:4:  snake_pit, layout_onion, serial_shops, shop
Orc:1:    layout_caves, nicolae_alphabet_shops
Orc:2:    grunt_orc_tribal_feast, layout_caves, uniq_donald
Elf:1:    elf_arrival_001, layout_rooms, serial_shops,
          nicolae_shop_rolling_square, minmay_elf_demonology, onia_ninara_cookie
Elf:2:    elven_hall_of_blades_hangedman_original [nicolae_blade_tridents],
          layout_onion_city
Elf:3:    minmay_elf_hall_curves, layout_loops_cross, serial_shops,
          bzr_entry_islet
Depths:1: layout_cave_shapes, pan_entry, nicolae_twisting_strands, hell_entry,
          serial_shops, shop_fountains, corexii_corridor_pit,
          chequers_serial_rivers_small_b, minmay_misc_feat_room,
          hangedman_abyss_or_decor_lesser_grid, grunt_ministairs_5,
          kennysheep_another_room, dk_noncrumbling_4, minmay_librarian,
          uniq_bai_suzhen
Depths:2: minmay_the_grid_triangle_9x9_rhombus_thin
          [minmay_the_grid_triangle_9x9_dagger,
          minmay_the_grid_triangle_9x9_prize_center,
          minmay_the_grid_triangle_9x9_swiss_cheese,
          minmay_the_grid_triangle_9x9_limited_checkers], layout_basic,
          pf_hell_entry_great_geh, pan_entry,
          nicolae_concentric_dashed_squares_wild, uniq_vv, uniq_enchantress

Skill      XL: |  1  2  3  4  5  6  7  8  9 10 11 12 13 14 15 16 17 18 19 20 21 |
---------------+----------------------------------------------------------------+-----
Fighting       | 3 4 5 6 8 9 11 12 13 14 15 16 17 18 19 20 | 20.0
Dodging        | 3 4 6 7 9 10 11 12 | 12.7
Ranged Weapons | 5 6 7 9 10 11 12 13 14 15 16 17 18 19 | 19.7
Armour         | 4 7 9 10 11 12 13 | 13.0
Evocations     | 2 5 7 8 9 10 11 | 11.5
Long Blades    | 4 7 9 10 | 10.0
Invocations    | 3 5 6 8 9 10 12 13 | 13.6
Translocations | 3 6 8 9 11 12 | 12.2
Spellcasting   | 4 8 |  8.0
Earth Magic    | 1 6 |  6.1
Necromancy     | 1 5 |  5.5
Stealth        | |  0.8

Action                     |  1- 3 |  4- 6 |  7- 9 | 10-12 | 13-15 | 16-18 | 19-21 || total
---------------------------+-------+-------+-------+-------+-------+-------+-------++-------
  Melee: Dagger            |     6 |    44 |       |       |       |       |       ||    50
         Punch             |       |     1 |     3 |     3 |     3 |     3 |       ||    13
         Whip              |       |    15 |   142 |    93 |    33 |       |       ||   283
         Spear             |       |     3 |    24 |       |       |       |       ||    27
         War axe           |       |       |    16 |       |       |       |       ||    16
         Great sword       |       |       |       |     6 |       |       |       ||     6
         Shortbow          |       |       |       |     1 |       |       |       ||     1
         Scimitar          |       |       |       |       |   313 |    67 |       ||   380
         Triple sword      |       |       |       |       |       |       |    15 ||    15
   Fire: Shortbow          |    96 |   142 |   262 |   545 |    78 |       |       ||  1123
         Longbow           |       |       |       |    29 |  1202 |    95 |       ||  1326
         Arbalest          |       |       |       |       |       |   283 |       ||   283
         Triple crossbow   |       |       |       |       |       |   624 |   910 ||  1534
   Cast: Momentum Strike   |       |       |       |       |       |       |     6 ||     6
         Blink             |       |       |       |       |       |       |     1 ||     1
 Invoke: Heroism           |       |       |       |       |    11 |     3 |     5 ||    19
         Finesse           |       |       |       |       |     4 |     3 |     5 ||    12
Ability: Hop               |       |     2 |     3 |    14 |    28 |     7 |    16 ||    70
  Evoke: Wand              |       |       |     3 |    53 |     7 |     4 |     6 ||    73
    Use: Potion            |     1 |       |     1 |    16 |     5 |     3 |     7 ||    33
         Scroll            |       |     3 |     4 |    17 |    18 |    10 |     9 ||    61
   Stab: Sleeping          |       |       |       |       |     2 |       |       ||     2
         Invisible         |       |       |       |       |       |     3 |       ||     3
 Armour: Leather armour    |    13 |    14 |    56 |    21 |       |       |       ||   104
         Ring mail         |       |       |       |     6 |       |       |       ||     6
         Troll leather arm |       |       |       |   142 |    37 |       |       ||   179
         Acid dragon scale |       |       |       |       |    54 |       |       ||    54
         Skin              |       |       |       |       |    47 |       |       ||    47
         Swamp dragon scal |       |       |       |       |   199 |   161 |   103 ||   463
  Dodge: Dodged            |    26 |    82 |   207 |   309 |   702 |   458 |   376 ||  2160
  Block: Other             |       |       |    34 |     6 |    38 |    86 |    76 ||   240
         Reflection        |       |       |     4 |       |       |    14 |    18 ||    36
